 Dungeon Crawl Stone Soup version 0.19.0-2-gae57169 (console) character file.

105 Morrissey the Vandal (level 5, -7/35 HPs)
             Began as a Halfling Hunter on Nov 4, 2016.
             Mangled by Sigmund
             ... wielding a +5 scythe of flaming
              (17 damage)
             ... on level 2 of the Dungeon.
             The game lasted 00:04:26 (2395 turns).

Morrissey the Vandal (Halfling Hunter)              Turns: 2395, Time: 00:04:27

Health: -7/35      AC:  5    Str: 13    XL:     5   Next: 9%
Magic:  5/5        EV: 15    Int: 11    God:
Gold:   54         SH:  0    Dex: 16    Spells: 0 memorised, 4 levels left

rFire  . . .     SeeInvis .     b - +0 short sword
rCold  . . .     Gourm    .     r - +2 robe {Archmagi}
rNeg   . . .     Faith    .     (shield restricted)
rPois  .         Spirit   .     n - +0 helmet
rElec  .         Reflect  .     (no cloak)
rCorr  .         Harm     .     (no gloves)
MR     .....                    (no boots)
Stlth  +.........               (no amulet)
                                (no ring)
                                g - +2 ring of intelligence

@: confused
A: mutation resistance 1
a: no special abilities


You were on level 2 of the Dungeon.
You were not hungry.

You visited 1 branch of the dungeon, and saw 2 of its levels.

You collected 54 gold pieces.

Inventory:

Hand Weapons
 a - a +1 hunting sling
 b - a +0 short sword (weapon)
Missiles
 d - 15 sling bullets
 l - 44 stones (quivered)
Armour
 c - a +0 leather armour
 n - a +0 helmet (worn)
 r - a +2 robe of the Archmagi (worn)
Jewellery
 g - a +2 ring of intelligence (left hand)
Wands
 q - a wand of random effects (12/48)
Scrolls
 e - 2 scrolls of teleportation {unknown}
 j - a scroll of remove curse {unknown}
 k - a scroll of enchant armour {unknown}
 o - a scroll of identify {unknown}
Comestibles
 f - 3 bread rations
 m - a meat ration


   Skills:
 + Level 2.5 Fighting
 * Level 2.6 Short Blades
 + Level 6.3 Slings
 + Level 2.7 Dodging
 + Level 2.3 Stealth


You had 4 spell levels left.
You didn't know any spells.

Dungeon Overview and Level Annotations

Branches:
Dungeon (2/15)

Altars:
Vehumet
The Shining One

Annotations:
D:2 Sigmund


Innate Abilities, Weirdness & Mutations

You are small and have problems with some larger weapons.
You are somewhat resistant to further mutation.


Message History

Something hits you!
* * * LOW HITPOINT WARNING * * *
Something burns you.
* * * LOW HITPOINT WARNING * * *
The rat bites you but does no damage.
It was a potion of curing.
You feel better. Something hits you.
* * * LOW HITPOINT WARNING * * *
Something burns you.
* * * LOW HITPOINT WARNING * * *
The rat misses you.
It was a potion of ambrosia.
You are confused.
You feel invigorated. The rat misses you.
You bump into the rock wall.
Something hits you!
* * * LOW HITPOINT WARNING * * *
Something burns you.
* * * LOW HITPOINT WARNING * * *
The rat misses you.
You bump into the rock wall.
Something hits you!
You die...

#... #. #########
###. ##....... ..
+...
#....$.###.....###.
#.>..........(.....
#..{...# #######.
##r##### #. #@# #.
#.# #. #.# #. #.#
#. #.# #. #.# #.
#.# #. #.# #.
##########.# #.


You could see a rat.

Vanquished Creatures
  Jessica (D:2)
  3 gnolls (D:2)
  3 worms (D:2)
  3 dart slugs (D:1)
  3 leopard geckos (D:1)
  A ball python (D:1)
  A giant cockroach (D:1)
  3 goblins (D:1)
  6 hobgoblins
  5 kobolds
  4 bats
  A frilled lizard (D:2)
  2 rats (D:1)
36 creatures vanquished.

Notes
Turn   | Place    | Note
-------+----------+-------------------------------------------
     0 | D:1      | Morrissey the Halfling Hunter began the quest for the Orb.
     0 | D:1      | Reached XP level 1. HP: 14/14 MP: 1/1
   143 | D:1      | Reached XP level 2. HP: 5/19 MP: 2/2
   707 | D:1      | Reached skill level 1 in Short Blades
   715 | D:1      | Reached skill level 6 in Slings
   733 | D:1      | Reached XP level 3. HP: 12/24 MP: 3/3
  1506 | D:2      | Found a glowing golden altar of the Shining One.
  1793 | D:2      | Found a radiant altar of Vehumet.
  1845 | D:2      | Reached XP level 4. HP: 9/29 MP: 4/4
  2068 | D:2      | Noticed Jessica
  2074 | D:2      | Killed Jessica
  2142 | D:2      | Reached XP level 5. HP: 35/35 MP: 5/5
  2382 | D:2      | Noticed Sigmund
  2395 | D:2      | Mangled by Sigmund

Skill      XL: |  1  2  3  4 |
---------------+-------------+-----
Fighting       | 2 |  2.5
Short Blades   | 1 2 |  2.6
Slings         | 6 |  6.3
Stealth        | 2 |  2.3
Dodging        | |  2.7

Action                   |  1- 3 |  4- 6 || total
-------------------------+-------+-------++-------
Melee: Short sword       |   134 |     3 ||   137
 Fire: Hunting sling     |     5 |    18 ||    23
Throw: Stone             |    49 |     5 ||    54
  Use: Potion            |       |     2 ||     2
  Eat: Chunk             |     3 |     2 ||     5
Armor: Leather armour    |    37 |       ||    37
       Robe              |       |     6 ||     6
Dodge: Dodged            |    97 |    12 ||   109
